 Dungeon Crawl Stone Soup version 0.28.0-55-gcd9437bce4 (webtiles) character file.

Game seed: 5305609421805987127

741 nerdsy the Covered (level 7, 0/63 HPs)
             Began as a Deep Dwarf Fighter on Jan 4, 2023.
             Slain by an orc warrior
             ... wielding a +0 hand axe
              (3 damage)
             ... on level 6 of the Dungeon.
             The game lasted 00:09:55 (4284 turns).

nerdsy the Covered (Deep Dwarf Fighter)             Turns: 4284, Time: 00:09:56

Health: 0/63       AC: 16    Str: 22    XL:     7   Next: 47%
Magic:  7/7        EV:  8    Int:  8    God:
Gold:   232        SH:  0    Dex: 12    Spells: 6/6 levels left

rFire   . . .      SeeInvis .   q - +2 flail (protect)
rCold   + . .      Faith    .   c - +0 buckler
rNeg    . . .      Spirit   .   w - +0 chain mail
rPois   .          Reflect  .   (no helmet)
rElec   .          Harm     .   v - scarf {+Inv}
rCorr   .          Rampage  .   (no gloves)
Will    +....                   (no boots)
Stlth   ..........              y - amulet of magic regeneration
HPRegen 0.00/turn               x - ring of protection from cold
MPRegen 0.50/turn               (no ring)

@: confused, under a protective aura
A: damage resistance, heal wounds, sense surroundings 1, no regeneration
a: Heal Wounds, Evoke Invisibility


You were on level 6 of the Dungeon.
You visited 1 branch of the dungeon, and saw 6 of its levels.

You collected 232 gold pieces.

Inventory:

Hand Weapons
 p - a +1 vorpal trident
 q - a +2 flail of protection (weapon)
 r - a +2 mace of holy wrath
 z - a +0 quarterstaff of draining
Missiles
 l - 8 boomerangs
Armour
 c - a +0 buckler (worn)
 v - a scarf of invisibility (worn)
 w - a +0 chain mail (worn)
Jewellery
 x - a ring of protection from cold (left hand)
 y - an amulet of magic regeneration (around neck)
Wands
 o - a wand of flame (31)
Scrolls
 b - a scroll of fog {unknown}
 e - a scroll of magic mapping {unknown}
 f - 2 scrolls of amnesia {unknown}
 g - a scroll of enchant armour {unknown}
 h - 3 scrolls of fear {unknown}
 m - 2 scrolls of blinking {unknown}
 n - 3 scrolls of identify {unknown}
Potions
 a - 2 potions of degeneration {unknown}
 d - a potion of might
 i - a potion of haste {unknown}
 j - a potion of mutation {unknown}
 k - a potion of flight {unknown}
 s - 2 potions of heal wounds {unknown}
 t - a potion of curing {unknown}
 u - 2 potions of brilliance {unknown}


   Skills:
 + Level 3.9 Fighting
 + Level 4.2(5.2) Axes
 + Level 4.0(4.8) Maces & Flails
 + Level 0.8(2.3) Polearms
 + Level 5.3 Armour
 + Level 1.3 Dodging
 + Level 0.2 Stealth
 + Level 4.7 Shields


You had 6 spell levels left.
You didn't know any spells.
Your spell library contained the following spells:

 Spells                   Type           Power      Damage    Failure   Level
 Foxfire                  Conj/Fire      0%         2x1d4     99%         1
 Conjure Flame            Conj/Fire      0%         6-21      100%        3
 Gell's Gravitas          Tloc           0%         N/A       100%        3
 Inner Flame              Hex/Fire       0%         N/A       100%        3
 Teleport Other           Tloc           0%         N/A       100%        3
 Flame Wave               Conj/Fire      0%         2d4       100%        4
 Dispersal                Tloc           0%         N/A       100%        6


Dungeon Overview and Level Annotations

Branches:
Dungeon (6/15)
 Temple: D:4-7

Altars:
Cheibriados
Dithmenos
Gozag
Kikubaaqudgha
Sif Muna
Xom


Innate Abilities, Weirdness & Mutations

You are resistant to damage.
You can heal yourself by infusing magical energy.
You passively map a small area around you.
You do not regenerate.


Message History

The puff of flame hits you! The scorpion stings you!
* * * LOW HITPOINT WARNING * * *
The orc hits you but does no damage.
The orc warrior hits you with a +0 hand axe.
The scorpion stings you but does no damage.
The orc wizard gestures wildly while chanting.
The orc wizard flickers and vanishes!
Deactivating autopickup; reactivate with Ctrl-A.
You hit the scorpion but do no damage. The orc hits you but does no damage.
The orc warrior hits you but does no damage.
The scorpion closely misses you.
You hear some strange, mumbled words.
You are confused.
The orc hits you but does no damage.
You miss the scorpion.
The orc warrior hits you but does no damage.
The scorpion barely misses you.
You hear some strange, mumbled words.
You are more confused.
The orc hits you from afar with a +0 trident.
The orc warrior hits you with a +0 hand axe!
* * * LOW HITPOINT WARNING * * *
You are too confused!
You are too confused!
You are too confused!
You are too confused!
You are too confused!
You hit the scorpion.
The scorpion is lightly wounded.
The scorpion stings you but does no damage.
Something hits you but does no damage. The orc closely misses you.
The scorpion stings you but does no damage.
The orc warrior hits you with a +0 hand axe!
* * * LOW HITPOINT WARNING * * *
You hit the orc warrior but do no damage.
Something hits you but does no damage.
The scorpion stings you but does no damage.
The orc hits you but does no damage.
The orc warrior hits you with a +0 hand axe.
You die...

* * * * *, *
, ,* * # ## *
#. #... , ,
###.####.....
*
#..oo)s....$.
#...{@...# ,
#...#######,
* * ... ,,
.,, , , , , *
, , *, * , *
, , ,


You could see an orc warrior, a scorpion and an orc.

Vanquished Creatures
  A necrophage (D:4)
  An ogre (D:4)
  A scorpion (D:4)
  A howler monkey (D:4)
  An orc priest (D:3)
  A bullfrog zombie (D:5)
  2 hounds
  3 orc wizards
  Natasha (twice) (D:2)
  An iguana (D:3)
  2 hound skeletons
  A howler monkey skeleton (D:5)
  7 adders
  2 adder skeletons (D:4)
  2 worms
  3 dart slugs
  11 orcs
  5 ball pythons
  8 endoplasms
  4 giant cockroaches
  5 hobgoblins
  3 jackals (D:4)
  8 kobolds
  6 quokkas
  3 bats
  6 frilled lizards
  5 goblins
  6 rats
101 creatures vanquished.

Notes
Turn   | Place    | Note
-------+----------+-------------------------------------------
     0 | D:1      | nerdsy the Deep Dwarf Fighter began the quest for the Orb.
     0 | D:1      | Reached XP level 1. HP: 20/20 MP: 1/1
   123 | D:1      | Reached XP level 2. HP: 27/27 MP: 2/2
   461 | D:1      | Found a faded altar of an unknown god.
   673 | D:2      | Reached XP level 3. HP: 29/34 MP: 3/3
  1051 | D:2      | Noticed Natasha
  1055 | D:2      | Killed Natasha
  1056 | D:2      | Reached skill level 4 in Armour
  1056 | D:2      | Reached XP level 4. HP: 26/42 MP: 4/4
  1224 | D:2      | Noticed Natasha
  1231 | D:2      | Killed Natasha
  1983 | D:3      | Reached XP level 5. HP: 33/49 MP: 5/5
  2326 | D:3      | Found a snail-covered altar of Cheibriados.
  2617 | D:4      | Reached XP level 6. HP: 36/56 MP: 6/6
  2740 | D:4      | Reached skill level 1 in Maces & Flails
  2740 | D:4      | Reached skill level 5 in Armour
  2740 | D:4      | Reached skill level 1 in Dodging
  2833 | D:4      | Found a shadowy altar of Dithmenos.
  2833 | D:4      | Found a shimmering blue altar of Sif Muna.
  2835 | D:4      | Found an ancient bone altar of Kikubaaqudgha.
  2836 | D:4      | Found a shimmering altar of Xom.
  3131 | D:4      | Reached XP level 7. HP: 32/63 MP: 7/7
  3521 | D:5      | Entered Level 5 of the Dungeon
  3774 | D:5      | Found an opulent altar of Gozag.
  4283 | D:6      | HP: 3/63 [orc warrior/+0 hand axe (6)]
  4284 | D:6      | Slain by an orc warrior

Illustrated notes

Levels and vault maps discovered:
D:1:      scummos_arrival_star, layout_basic, ebering_ecumenical_altar_box
D:2:      layout_loops_corners, minmay_misc_feat_hallway,
          kennysheep_generic_room_3, uniq_natasha
D:3:      kennysheep_big_flooded_room, layout_basic, slow_altar_2
D:4:      minmay_door_path, layout_basic, grunt_temple_overflow_open
D:5:      layout_cave_pods, lemuel_doored_altar
D:6:      layout_loops_ring, nicolae_yredelemnul_corpse_copse, tso_oasis_becter,
          minmay_curled_crystal, nrook_mini_backslash, uniq_prince_ribbit1,
          uniq_menkaure, uniq_sigmund

Skill      XL: |  1  2  3  4  5  6  7 |
---------------+----------------------+-----
Fighting       | 3 |  3.9
Axes           | 3 4 |  4.2
Armour         | 4 5 |  5.3
Shields        | 4 |  4.7
Maces & Flails | 3 4 |  4.0
Dodging        | 1 |  1.3
Polearms       | |  0.8
Stealth        | |  0.2

Action                   |  1- 3 |  4- 6 |  7- 9 || total
-------------------------+-------+-------+-------++-------
Melee: War axe           |    84 |     5 |       ||    89
       Trident           |       |    74 |       ||    74
       Flail             |       |    92 |    49 ||   141
 Abil: Heal Wounds       |       |     6 |       ||     6
Armor: Scale mail        |    48 |    92 |     5 ||   145
       Chain mail        |       |       |    43 ||    43
Dodge: Dodged            |    43 |   123 |    27 ||   193
Block: Buckler           |    16 |    58 |    15 ||    89
